 Dungeon Crawl Stone Soup version 0.28-a0-80-g9707f7362f (webtiles) character file.

Game seed: 12319138019791847071

195 Leeroy the Magician (level 6, -8/40 HPs)
             Began as a Djinni Fire Elementalist on Aug 5, 2021.
             Mangled by a hornet (14 damage)
             ... on level 7 of the Dungeon.
             The game lasted 00:06:00 (4114 turns).

Leeroy the Magician (Djinni Fire Elementalist)      Turns: 4114, Time: 00:06:02

Health: -8/40      AC:  2    Str:  8    XL:     6   Next: 4%
Gold:   59         EV: 12    Int: 18    God:
                   SH:  0    Dex: 13

rFire   + + .      SeeInvis .   s - +0 short sword (elec)
rCold   x . .      Faith    .   (no shield)
rNeg    . . .      Spirit   .   a - +0 robe
rPois   ∞          Reflect  .   (no helmet)
rElec   .          Harm     .   (no cloak)
rCorr   .          Rampage  .   (no gloves)
Will    .....                   (boots unavailable)
Stlth   ++........              (no amulet)
HPRegen 0.13/turn               (no ring)
MPRegen 0.00/turn               (no ring)

@: flying
A: sickness immunity, fire resistance 2, cold vulnerability 1, float, innate
caster, hp casting, extra vitality 1
a: no special abilities


You were on level 7 of the Dungeon.
You visited 1 branch of the dungeon, and saw 5 of its levels.

You collected 59 gold pieces.

Inventory:

Hand Weapons
 f - a +0 long sword
 q - a +2 flail of protection
 s - a +0 short sword of electrocution (weapon)
Missiles
 j - 16 poisoned darts
 k - 8 boomerangs
 l - 3 javelins
Armour
 a - a +0 robe (worn)
 h - a +0 ring mail
Scrolls
 b - 5 scrolls of identify {unknown}
 c - a scroll of fog {unknown}
 d - 4 scrolls of teleportation {unknown}
 e - a scroll of brand weapon {unknown}
 g - a scroll of immolation {unknown}
 m - 2 scrolls of fear {unknown}
 r - a scroll of enchant armour {unknown}
Potions
 i - a potion of lignification {unknown}
 n - a potion of haste {unknown}
 o - a potion of curing {unknown}
 p - 2 potions of heal wounds {unknown}
 t - a potion of might {unknown}
 u - a potion of attraction {unknown}


   Skills:
 - Level 2.1 Dodging
 - Level 1.5 Stealth
 + Level 4.8 Spellcasting


You couldn't memorise any spells.
You knew the following spells:

 Your Spells              Type           Power      Damage    Failure   Level
a - Foxfire               Conj/Fire      84%        2x1d8     1%          1
b - Conjure Flame         Conj/Fire      21%        6-21      5%          3
c - Inner Flame           Hex/Fire       21%        N/A       5%          3
d - Sticky Flame          Conj/Fire      21%        2d4       19%         4
e - Fireball              Conj/Fire      10%        3d6       45%         5
f - Pain                  Necr           84%        1d8       1%          1
g - Static Discharge      Conj/Air       21%        N/A       2%          2
Your spell library was empty.

Dungeon Overview and Level Annotations

Branches:
Dungeon (4/15)
 Temple: D:4-7

Altars:


Innate Abilities, Weirdness & Mutations

You are immune to sickness and miasma.
You are immune to poison.
Your flesh is very heat resistant. (rF++)
You are vulnerable to cold. (rC-)
You float through the air rather than walking.
You learn spells naturally, not from books.
Your magical power is your life essence.
You have superior vitality. (+4 HP)


Message History

Casting: Foxfire (safe; 1% risk of failure)
Confirm with . or Enter, or press ? or * to list all spells.
You conjure some foxfire!
The foxfire hits the hornet but does no damage.
The foxfire hits the hornet.
The hornet is lightly wounded.
The foxfire hits the hornet.
The hornet is lightly wounded.
You hit the hornet but do no damage.
The hornet is lightly wounded.
The foxfire hits the hornet but does no damage.
The hornet is lightly wounded.
The hornet stings you! x2
Unknown command.
You closely miss the hornet.
The hornet is lightly wounded.
The hornet closely misses you.
You miss the hornet.
The hornet is lightly wounded.
The hornet barely misses you. x2
Casting: Foxfire (safe; 1% risk of failure)
Confirm with . or Enter, or press ? or * to list all spells.
The spell is potentially lethal to cast (45% risk of failure)!
Continue anyway?
Aiming: Fireball (potentially lethal; 45% risk of failure)
Press: ? - help, Shift-Dir - straight line The fireball explodes!
The fireball engulfs the hornet!
The hornet is heavily wounded.
* * * LOW HITPOINT WARNING * * *
You hear a shout! x2
The hornet barely misses you.
Casting: Fireball (potentially lethal; 45% risk of failure)
Confirm with . or Enter, or press ? or * to list all spells.
The spell is potentially lethal to cast (45% risk of failure)!
Continue anyway?
Aiming: Fireball (potentially lethal; 45% risk of failure)
Press: ? - help, Shift-Dir - straight line The fireball explodes!
The fireball engulfs the hornet.
The hornet is severely wounded.
* * * LOW HITPOINT WARNING * * *
The hornet stings you!
You die...

.^.......#..#
#.#.#....#..
........##.# #
...........# ..
..#........### ..#
#.........#.##...#
#....y....#.......
#.....@...........
#.................
#..............#.#
#..............#
#................#
#..................
../..........<....#
....#.............#
###.......#.#.#


You could see a hornet.

Vanquished Creatures
  3 orc wizards (D:4)
  A gnoll (D:1)
  2 adders
  A shadow imp (D:4)
  2 worms
  9 orcs
  7 ball pythons
  3 endoplasms
  4 giant cockroaches
  4 goblins
  7 hobgoblins
  3 jackals (D:1)
  2 quokkas (D:1)
  5 bats
  4 frilled lizards
  7 kobolds
  9 rats
73 creatures vanquished.

Vanquished Creatures (others)
  185 foxfires
  3 fungi (D:1)
188 creatures vanquished.

Grand Total: 261 creatures vanquished

Notes
Turn   | Place    | Note
-------+----------+-------------------------------------------
     0 | D:1      | Leeroy the Djinni Fire Elementalist began the quest for the
                  | Orb.
     0 | D:1      | Reached XP level 1. HP: 15/15 MP: 0/0
   118 | D:1      | Reached XP level 2. HP: 16/21 MP: 0/0
   685 | D:1      | Reached skill level 3 in Spellcasting
   685 | D:1      | Reached XP level 3. HP: 11/25 MP: 0/0
   685 | D:1      | Learned a level 1 spell: Pain
  1132 | D:1      | Found a faded altar of an unknown god.
  1477 | D:1      | You are sucked into a shaft and drop 1 floor!
  1527 | D:2      | Reached XP level 4. HP: 26/31 MP: 0/0
  2427 | D:3      | Reached skill level 4 in Spellcasting
  3169 | D:3      | Reached XP level 5. HP: 35/35 MP: 0/0
  3169 | D:3      | Learned a level 2 spell: Static Discharge
  3651 | D:4      | Reached XP level 6. HP: 12/40 MP: 0/0
  4102 | D:4      | You are sucked into a shaft and drop 3 floors!
  4105 | D:7      | Noticed a hornet
  4114 | D:7      | Mangled by a hornet

Illustrated notes

Levels and vault maps discovered:
D:1:      minmay_arrival_stair_chambers, layout_rooms,
          shapermc_ecumenical_altar_acropolis, minmay_misc_feat_roman
D:2:      layout_basic, chequers_jeans, chequers_serial_rivers_micro_c,
          solitary_fountain
D:3:      layout_basic
D:4:      layout_layer_cave, serial_shops,
          nicolae_shop_temple_entry_statues_fountains, minmay_misc_feat_pillars
D:7:      cheibrodos_shockbox, layout_cave_pools, kennysheep_okawaru_gauntlet,
          minmay_temple_entry_tees, serial_glass, glass_columns_a,
          glass_columns_c

Skill      XL: |  1  2  3  4 |
---------------+-------------+-----
Spellcasting   | 3 4 |  4.8
Dodging        | |  2.1
Stealth        | |  1.5

Action                   |  1- 3 |  4- 6 || total
-------------------------+-------+-------++-------
Melee: Unarmed           |    16 |       ||    16
       Long sword        |     1 |    26 ||    27
       Short sword       |       |     9 ||     9
 Cast: Foxfire           |    48 |    59 ||   107
       Fireball          |       |     2 ||     2
 Stab: Sleeping          |       |     3 ||     3
Armor: Robe              |    10 |    10 ||    20
Dodge: Dodged            |    23 |    37 ||    60
       Rpst.: Long sword |     2 |    10 ||    12

Table legend: (Time is in decaauts)
 A = Elapsed time spent in this place.
 B = Non-inter-level travel time spent in this place.
 C = Inter-level travel time spent in this place.
 D = Time resting spent in this place.
 E = Time spent auto-exploring this place.
 F = Levels seen in this place.
 G = Mean time per level.
                   A        B        C        D        E       F      G
               +--------+--------+--------+--------+--------+-----+--------+
         Total |   4123 |   4055 |     68 |    585 |   2943 |   5 |  824.6 |
       Dungeon |   4123 |   4055 |     68 |    585 |   2943 |   5 |  824.6 |
               +--------+--------+--------+--------+--------+-----+--------+

Top non-repeatable levels by time:
     D:1: 1476 daAuts
     D:3: 1008 daAuts
     D:4: 871 daAuts
     D:2: 756 daAuts
     D:7: 12 daAuts
